 Dungeon Crawl Stone Soup version 0.17.2-1-ge4368a0 (webtiles) character file.

18 tidbits the Insei (level 2, 17/22 HPs)
             Began as a Demigod Transmuter on Sept 19, 2017.
             Quit the game on level 1 of the Dungeon.
             The game lasted 00:01:53 (248 turns).

tidbits the Insei (Demigod Transmuter)               Turns: 248, Time: 00:01:54

Health: 17/22      AC:  2    Str: 13    XL:     2   Next: 33%
Magic:  7/7        EV: 12    Int: 17    God:
Gold:   8          SH:  0    Dex: 16    Spells: 2 memorised, 2 levels left

rFire  . . .     SeeInvis .     h - +0 spear (venom)
rCold  . . .     Clarity  .     b - +0 robe
rNeg   . . .     SustAt   +     (no shield)
rPois  .         Gourm    .     (no helmet)
rElec  .         Spirit   .     (no cloak)
rCorr  .         Warding  .     (no gloves)
rMut   .         Stasis   .     (no boots)
MR     .....                    (no amulet)
Stlth  +.........               (no ring)
                                (no ring)

@: not resistant to hostile enchantments, very unstealthy
A: high mp 1, sustain attributes
a: no special abilities


You were on level 1 of the Dungeon.
You were not hungry.

You visited 1 branch of the dungeon, and saw 1 of its levels.

You collected 8 gold pieces.

Inventory:

Hand Weapons
 h - a +0 spear of venom (weapon)
   (You found it on level 1 of the Dungeon)
 k - a +0 hunting sling
   (You found it on level 1 of the Dungeon)
Missiles
 a - 12 arrows
Armour
 b - a +0 robe (worn)
Scrolls
 g - a scroll of remove curse {unknown}
 i - a scroll of recharging {unknown}
 j - a scroll of enchant armour {unknown}
Potions
 e - a potion of curing {unknown}
Books
 c - a book of Changes

   Spells                             Type                      Level
   a - Beastly Appendage              Transmutation                1
   b - Sticks to Snakes               Transmutation                2
   c - Spider Form                    Transmutation/Poison         3
   d - Ice Form                       Ice/Transmutation            4
   e - Blade Hands                    Transmutation                5
Comestibles
 d - a bread ration
 f - a meat ration


   Skills:
 - Level 0.8 Fighting
 - Level 1.7 Dodging
 - Level 2.8 Unarmed Combat
 - Level 2.4 Spellcasting
 + Level 1.9 Transmutations


You had 2 spell levels left.
You knew the following spells:

 Your Spells              Type           Power        Failure   Level  Hunger
e - Beastly Appendage     Trmt           #.....       10%         1    #......
k - Sticks to Snakes      Trmt           #.........   14%         2    ##.....


Dungeon Overview and Level Annotations

Branches:
Dungeon (1/15)


Innate Abilities, Weirdness & Mutations

You have an increased reservoir of magic (+10% MP).
Your attributes are resistant to harm.


Message History

The goblin shouts!
The kobold completely misses you.
Casting: Beastly Appendage
Confirm with . or Enter, or press ? or * to list all spells.
You extend your transformation's duration.
The kobold hits you.
You hit the kobold but do no damage. The kobold hits you.
* * * LOW HITPOINT WARNING * * *
You hit the kobold.
You kill the kobold!
You hit the goblin but do no damage. Your kick misses the goblin.
The goblin closely misses you.
You hit the goblin. Your kick misses the goblin.
The goblin is severely wounded.
You hit the goblin.
You kill the goblin!
Your transformation is almost over.
A rat comes into view.
The rat moves out of view.
You see here a giant newt corpse.
Found a scroll labeled KYR EWNAMIU.
Found 12 stones.
g - a scroll labeled KYR EWNAMIU Your talons disappear.
Found a runed spear.
Found a scroll labeled ITIOTEE OJETUL.
You see here a runed spear.
h - a runed spear Wield which item (- for none, * to show all)? (? for menu, Esc to quit)
It begins to drip with poison!
h - a +0 spear of venom (weapon)
A giant newt comes into view.
Casting: Beastly Appendage
Confirm with . or Enter, or press ? or * to list all spells.
Your feet morph into talons.
Attack whom?
Press: ? - help, Dir - move target cursor, f - rat
Aim: a rat You reach to attack!
You completely miss the rat.
Attack whom?
Press: ? - help, Dir - move target cursor, f/p - rat
Aim: a rat You closely miss the rat.
You claw the rat, but do no damage. The rat bites you but does no damage.
The rat barely misses you.
Your transformation is almost over.
You closely miss the giant newt. You claw the giant newt.
You kill the giant newt!
You barely miss the rat. The rat closely misses you.
You barely miss the rat. The rat closely misses you.
You hit the rat.
You kill the rat!
Things that are here:
a rat corpse; a giant newt corpse Your talons disappear.
i - a scroll labeled ITIOTEE OJETUL A bat comes into view.
Casting: Beastly Appendage
Confirm with . or Enter, or press ? or * to list all spells.
You grow a pair of large bovine horns.
The bat closely misses you.
Attack whom?
Press: ? - help, Dir - move target cursor, f - bat
Aim: a bat You reach to attack!
You barely miss the bat.
Your transformation is almost over.
The bat closely misses you. The bat misses you.
Found a scroll labeled OCOTWU JIETSO.
You barely miss the bat. Your headbutt misses the bat. The bat misses you.
You hit the bat but do no damage.
The bat is poisoned.
The bat hits you but does no damage.
You hit the bat.
You kill the bat!
Your horns disappear.
j - a scroll labeled OCOTWU JIETSO A hobgoblin comes into view.
A hobgoblin is nearby!
Casting: Beastly Appendage
Confirm with . or Enter, or press ? or * to list all spells.
Your feet morph into talons.
Your transformation is almost over.
Attack whom?
Press: ? - help, Dir - move target cursor, f - hobgoblin
Aim: a hobgoblin You reach to attack!
You barely miss the hobgoblin. You barely miss the hobgoblin.
The hobgoblin hits you.
You hit the hobgoblin but do no damage.
The hobgoblin is poisoned.
The hobgoblin closely misses you.
You barely miss the hobgoblin.
The hobgoblin is lightly wounded.
The hobgoblin barely misses you. x2
You closely miss the hobgoblin. You claw the hobgoblin.
You kill the hobgoblin!
No target in view!
You see here a hobgoblin corpse.
Your talons disappear.
Found a hunting sling.
You see here a hunting sling.
k - a hunting sling Are you sure you want to abandon this character and quit the game? (Confirm with "yes".)

.....# #.#.# ######
#.#.# #### #)#.# ...#
##########.#.#
##.#####............#
.........########...#
##.####### ###'##
#.###############8.8#
#.##...........@#♣<♣#
#....###########♣♣♣♣
######


There were no monsters in sight!

Vanquished Creatures
  A gnoll (D:1)
  2 bats (D:1)
  A goblin (D:1)
  A hobgoblin (D:1)
  2 giant newts (D:1)
  A kobold (D:1)
  2 rats (D:1)
10 creatures vanquished.

Notes
Turn   | Place    | Note
--------------------------------------------------------------
     0 | D:1      | tidbits the Demigod Transmuter began the quest for the Orb.
     0 | D:1      | Reached XP level 1. HP: 15/15 MP: 5/5
    16 | D:1      | Reached skill level 2 in Spellcasting
    48 | D:1      | Reached XP level 2. HP: 13/22 MP: 4/7
    52 | D:1      | Learned a level 2 spell: Sticks to Snakes
   248 | D:1      | Quit the game

Action                   || total
-------------------------++-------
Melee: Unarmed           ||    17
       Spear             ||    15
 Cast: Beastly Appendage ||     7

Table legend:
 A = Turns spent in this place as a percentage of turns spent in the entire game.
 B = Non-inter-level travel turns spent in this place as a percentage of non-inter-level travel turns spent in the entire game.
 C = Inter-level travel turns spent in this place as a percentage of turns spent in this place.
 D = Turns resting spent in this place as a percentage of non-inter-level travel turns spent in this place.
 E = Turns spent auto-exploring this place as a percentage of non-inter-level travel turns spent in this place.
 F = Non-inter-level travel turns spent in this place divided by the number of levels of this place that you've seen.
                   A       B       C       D       E      F
               +-------+-------+-------+-------+-------+----------------------
         Total | 100.0 | 100.0 |   0.0 |   0.0 |   0.0 | 205.0
       Dungeon | 100.0 | 100.0 |   0.0 |   0.0 |   0.0 | 205.0
               +-------+-------+-------+-------+-------+----------------------

Table legend:
 A = Kills in this place as a percentage of kills in entire the game.
 B = Kills by you in this place as a percentage of kills by you in the entire game.
 C = Kills by friends in this place as a percentage of kills by friends in the entire game.
 D = Other kills in this place as a percentage of other kills in the entire game.
 E = Experience gained in this place as a percentage of experience gained in the entire game.
 F = Experience gained in this place divided by the number of levels of this place that you have seen.
                   A       B       C       D       E      F
               +-------+-------+-------+-------+-------+----------------------
         Total | 100.0 | 100.0 |  -nan |  -nan | 100.0 |  26.0
       Dungeon | 100.0 | 100.0 |  -nan |  -nan | 100.0 |  26.0
               +-------+-------+-------+-------+-------+----------------------

Vault maps used:
D:1:      saegor_arrival_simple_b
